 Dungeon Crawl Stone Soup version 0.18-a0-1347-gb9e2fb4 (webtiles) character file.

65 Scytalen the Slasher (level 3, 0/30 HPs)
             Began as a Minotaur Gladiator on Feb 17, 2016.
             Killed from afar by Sigmund (9 damage)
             ... with a puff of flame
             ... on level 3 of the Dungeon.
             The game lasted 00:02:41 (1288 turns).

Scytalen the Slasher (Minotaur Gladiator)           Turns: 1288, Time: 00:02:41

Health: 0/30       AC:  9    Str: 19    XL:     3   Next: 94%
Magic:  2/2        EV: 11    Int:  5    God:
Gold:   108        SH:  0    Dex: 11    Spells: 0 memorised, 2 levels left

rFire  . . .     SeeInvis .     a - +0 long sword
rCold  . . .     Gourm    .     r - +3 ring mail
rNeg   . . .     Faith    .     (no shield)
rPois  .         Spirit   .     c - +0 hat
rElec  .         Dismiss  .     j - +0 cloak
rCorr  .         Reflect  .     (no gloves)
SustAt .         Harm     .     (no boots)
MR     .....                    (no amulet)
Stlth  +.........               (no ring)
                                (no ring)

@: lethally poisoned (0 -> -3), not resistant to hostile enchantments, very
unstealthy
A: retaliatory headbutt, horns 2
a: no special abilities


You were on level 3 of the Dungeon.
You were not hungry.

You visited 1 branch of the dungeon, and saw 3 of its levels.

You collected 108 gold pieces.

Inventory:

Hand Weapons
 a - a +0 long sword (weapon)
Missiles
 d - 2 throwing nets
 m - 5 stones (quivered)
 o - 21 sling bullets
Armour
 b - a +0 leather armour
 c - a +0 hat (worn)
 j - a +0 cloak (worn)
 r - a +3 ring mail (worn)
Jewellery
 k - a +1 ring of evasion {unknown}
 u - an uncursed ring of sustain attributes {unknown}
Scrolls
 g - 3 scrolls of identify {unknown}
 h - 3 scrolls of remove curse {unknown}
 i - a scroll of blinking {unknown}
 s - a scroll of enchant armour {unknown}
 t - a scroll of magic mapping {unknown}
Potions
 e - a potion of brilliance {unknown}
 n - a potion of curing {unknown}
 p - a potion of agility {unknown}
 q - a potion of might {unknown}
 w - a potion of degeneration {unknown}
Comestibles
 f - 2 bread rations
 l - a meat ration
 v - 5 chunks of flesh


   Skills:
 - Level 2.4 Fighting
 + Level 5.9 Long Blades
 - Level 2.0 Throwing
 - Level 3.2 Dodging


You had 2 spell levels left.
You didn't know any spells.

Dungeon Overview and Level Annotations

Branches:
Dungeon (3/15)

Altars:
Makhleb

Annotations:
D:3 Sigmund


Innate Abilities, Weirdness & Mutations

You reflexively headbutt those who attack you in melee.
You have a pair of horns on your head.


Message History

You feel sick.
You take 1 damage, and have 17/30 hp.
You feel sick.
You take 1 damage, and have 16/30 hp.
You feel sick.
You take 1 damage, and have 15/30 hp.
You feel sick.
You take 1 damage, and have 15/30 hp.
A puff of flame appears from out of thin air!
The puff of flame hits you!
You take 3 damage, and have 12/30 hp.
You feel sick.
You take 1 damage, and have 11/30 hp.
You feel sick.
You take 1 damage, and have 10/30 hp.
You feel sick.
You take 1 damage, and have 9/30 hp.
A puff of flame appears from out of thin air!
The puff of flame hits you!
You die...

#.# #.# #.############
..##....##......#
...##....##.####'#######
.......................#
........###............#
#.#...#.###............#
#.#####...@<.....#######
#######>............#.##
........................
.######.#####.######..###
.# #.#####.#.......# .#
####.†÷†............. .#
#.....####.#.#####.... .#
#........g.#.# .... .#
#......##### .


There were no monsters in sight!

Vanquished Creatures
  A hound (D:2)
  An adder (D:2)
  A worm (D:3)
  A giant gecko (D:3)
  A ball python (D:1)
  2 giant cockroaches
  A goblin (D:1)
  2 hobgoblins (D:2)
  A quokka (D:2)
  4 bats (D:1)
  2 giant newts (D:2)
  5 kobolds
  4 rats (D:1)
26 creatures vanquished.

Notes
Turn   | Place    | Note
--------------------------------------------------------------
     0 | D:1      | Scytalen the Minotaur Gladiator began the quest for the Orb.
     0 | D:1      | Reached XP level 1. HP: 18/18 MP: 0/0
    25 | D:1      | Reached skill level 4 in Long Blades
   106 | D:1      | Reached XP level 2. HP: 25/25 MP: 1/1
   912 | D:2      | Found a burning altar of Makhleb.
   922 | D:2      | Reached skill level 5 in Long Blades
   922 | D:2      | Reached XP level 3. HP: 26/30 MP: 2/2
  1270 | D:3      | Noticed Sigmund
  1288 | D:3      | Killed from afar by Sigmund

Vault maps used:
D:1:      dpeg_arrival_central
D:2:      makhleb_blood_cavern_becter
D:3:      lemuel_crystal_altar, xom_teletrap_fun, uniq_robin, uniq_sigmund

Action                   || total
-------------------------++-------
Melee: Long sword        ||    45
Throw: Stone             ||     2
       Throwing net      ||     2
  Eat: Chunk             ||     1
